cohdb
Replays
Latest Replays
All Replays
Popular Replays
Top Player Replays
Match Explorer
How It Works
Community
CoH3 Stats
Reddit
Sign in to upload your games and track your stats! →
Sign in with Steam
Match 41100505
Unlisted
Match 41100505
Overview
Messages
Build Orders
End
Construct Infanterie Kompanie
Pioneer Squad
Selects Terror Battlegroup
Selects Machine Gun Camouflage
Grenadier Squad
MG 42 Machine Gun Team
Grenadier Squad
Construct Panzergrenadier Kompanie
Panzergrenadier Squad
251 Medium Carrier
Pak 40 Anti-tank Gun Team
Panzergrenadier Squad
Selects Contempt for the Weak
Selects Jericho Trumpet
Medical Station
Grenadier Squad
Jericho Trumpet
Construct Panzer Kompanie
Selects Defend the Fatherland
Stoßtruppen Squad
Panzer IV Medium Tank
Support Elements
Jericho Trumpet
Nebelwerfer 42 Rocket Launcher Team
Selects King Tiger Heavy Tank
Stoßtruppen Squad
Jericho Trumpet
Panzer IV Medium Tank
Selects V1 Rocket Strike
BigTiddyLebron
kreumat
Dikcon
MMMilkmother
0
0
Comments
sign in to comment!
No comments posted yet!